 Dungeon Crawl Stone Soup version 0.24.0-13-gcf9b319 (webtiles) character file.

Game seed: 4432684947676846986, levelgen mode: deterministic

980 Bronimir the Cudgeler (level 7, -2/100 HPs)
             Began as a Troll Monk on Mar 19, 2020.
             Was a Believer of Trog.
             Slain by an ogre
             ... wielding a +0 giant spiked club
              (16 damage)
             ... on level 6 of the Dungeon.
             The game lasted 00:12:53 (4743 turns).

Bronimir the Cudgeler (Troll Monk)                  Turns: 4743, Time: 00:12:54

Health: -2/100     AC:  6    Str: 27    XL:     7   Next: 96%
Magic:  0/2        EV:  9    Int:  6    God:    Trog [**....]
Gold:   33         SH:  8    Dex: 12    Spells: 6/6 levels left

rFire    + . .     SeeInvis .   a - +1 morningstar (antimagic)
rCold    + . .     Gourm    +   w - +0 shield
rNeg     . . .     Faith    .   b - +0 robe
rPois    .         Spirit   +   (helmet restricted)
rElec    .         Reflect  .   g - scarf {rC+ rF+}
rCorr    .         Harm     .   (gloves unavailable)
MR       ++...                  (boots unavailable)
Stlth    ..........             A - amulet of guardian spirit
HPRegen  1.66/turn              (no ring)
MPRegen  0.08/turn              (no ring)

@: berserking, regenerating, very quick
A: large, unfitting armour, claws 3, fast metabolism 3, gourmand, regeneration
1, shaggy fur 1, tough skin 3
a: Berserk, Trog's Hand, Renounce Religion


You were on level 6 of the Dungeon.
You worshipped Trog.
Trog was pleased with you.
You were very full.

You visited 2 branches of the dungeon, and saw 7 of its levels.

You collected 195 gold pieces.
You spent 162 gold pieces at shops.

Inventory:

Hand Weapons
 a - a +1 antimagic morningstar (weapon)
 h - a +0 quarterstaff
 i - a +2 antimagic spear
 o - a +0 hand axe
 x - a +1 whip of venom
 y - a +0 mace
Missiles
 d - 8 poisoned darts (quivered)
 f - a throwing net
 l - 86 stones
 q - 98 arrows
 B - 16 bolts
Armour
 b - a +0 robe (worn)
 g - a scarf of resistance (worn)
 w - a +0 shield (worn)
Jewellery
 v - an uncursed amulet of the gourmand
 A - an amulet of guardian spirit (around neck)
Scrolls
 j - 2 scrolls of identify
 m - a scroll of blinking {unknown}
 s - 2 scrolls of fog {unknown}
 t - 3 scrolls of remove curse
 u - 6 scrolls of teleportation
 z - a scroll of fear
Potions
 e - a potion of brilliance {unknown}
 k - a potion of agility
 n - 3 potions of curing
 r - 3 potions of invisibility {unknown}
Comestibles
 c - 14 rations
 p - 10 chunks of flesh


   Skills:
 + Level 3.3 Fighting
 * Level 6.9 Maces & Flails
 + Level 0.6 Throwing
 + Level 4.5 Dodging
 - Level 1.0 Stealth
 * Level 1.5 Shields


You had 6 spell levels left.
You didn't know any spells.
Your spell library was empty.

Dungeon Overview and Level Annotations

Branches:
Dungeon (6/15)             Temple (1/1) D:4

Altars:
Cheibriados
Elyvilon
Fedhas
Gozag
Hepliaklqana
Kikubaaqudgha
Okawaru
Ru
Sif Muna
Trog
Uskayaw
Vehumet
Wu Jian
Xom
Yredelemnul

Shops:
D:5 ?*!*

Annotations:
D:6 Sigmund


Innate Abilities, Weirdness & Mutations

You are too large for most types of armour.
You have claws for hands.
Your metabolism is lightning-fast.
You like to eat raw meat.
Your natural rate of healing is unusually fast.
You are covered in fur. (AC +1)
You have extremely tough skin. (AC +3)


Message History

Sigmund flickers and vanishes!
Deactivating autopickup; reactivate with Ctrl-A.
Your skin crawls.
You feel resistant to hostile enchantments.
You feel quite a bit less full. You block the gnoll's attack.
A red film seems to cover your vision as you go berserk!
You feel yourself moving faster!
You feel mighty!
You feel a lot less full.
The ogre hits you with a +0 giant spiked club!!
* * * LOW HITPOINT WARNING * * *
The gnoll hits you but does no damage.
You barely miss the ogre.
The ogre is severely wounded.
Something hits you.
* * * LOW HITPOINT WARNING * * *
The gnoll closely misses you.
A black bear comes into view.
The gnoll hits you with a +0 whip.
* * * LOW HITPOINT WARNING * * *
The ogre hits you with a +0 giant spiked club!
You die...

####### .[.....
##.......
#.......h
#g(......
#g.......
#@gg.....
#####O#####.#
#.......F...#
#.[..
..#.###.#######
#....# #.#.#
#.# #....# ...#
#.# #....# ###
#..# #.# #.
#....#
..?[.#..# #.#
#.##....+
.....##.###.#
#.##....##


You could see a black bear, an ogre and 4 gnolls.

Vanquished Creatures
  Purgy (D:4)
  A sky beast (D:6)
  2 centaurs (D:5)
  A bullfrog (D:6)
  A crimson imp (D:5)
  A hound (D:5)
  2 orc wizards
  2 orc priests
  A bullfrog skeleton (D:3)
  2 iguanas
  2 worker ants (D:4)
  4 gnolls (D:5)
  8 adders
  2 oozes (D:2)
  An adder skeleton (D:4)
  3 worms
  4 dart slugs
  2 leopard geckos (D:1)
  14 orcs
  3 ball pythons
  A giant cockroach (D:4)
  11 hobgoblins
  15 jackals
  3 quokkas
  14 bats
  3 frilled lizards
  8 goblins
  3 kobolds
  A quokka skeleton (D:4)
  A quokka zombie (D:5)
  3 rats
120 creatures vanquished.

Notes
Turn   | Place    | Note
-------+----------+-------------------------------------------
     0 | D:1      | Bronimir the Troll Monk began the quest for the Orb.
     0 | D:1      | Reached XP level 1. HP: 22/22 MP: 0/0
   123 | D:1      | Reached skill level 3 in Maces & Flails
   123 | D:1      | Reached XP level 2. HP: 29/29 MP: 1/1
   526 | D:1      | Reached XP level 3. HP: 36/36 MP: 2/2
  1153 | D:2      | Reached XP level 4. HP: 44/44 MP: 3/3
  1291 | D:2      | Found a radiant altar of Vehumet.
  1440 | D:2      | Reached skill level 4 in Maces & Flails
  1440 | D:2      | Reached XP level 5. HP: 48/50 MP: 4/4
  1820 | D:3      | Found an iron altar of Okawaru.
  2325 | D:4      | Found a snail-covered altar of Cheibriados.
  2367 | D:4      | Found a blossoming altar of Fedhas.
  2416 | D:4      | Noticed Purgy
  2500 | D:4      | Found a shimmering blue altar of Sif Muna.
  2816 | D:4      | Reached XP level 6. HP: 57/59 MP: 5/5
  3178 | D:4      | Found a staircase to the Ecumenical Temple.
  3187 | Temple   | Entered the Ecumenical Temple
  3386 | Temple   | Became a worshipper of Trog the Wrathful
  3386 | Temple   | Reached * piety under Trog
  3386 | Temple   | Reached ** piety under Trog
  3468 | D:4      | Killed Purgy
  3468 | D:4      | Reached skill level 5 in Maces & Flails
  3629 | D:5      | Entered Level 5 of the Dungeon
  3725 | D:5      | Found Ciylumar's General Store.
  3732 | D:5      | Bought a scroll of teleportation for 33 gold pieces
  3732 | D:5      | Bought a potion of lignification for 33 gold pieces
  3732 | D:5      | Bought a scroll of teleportation for 33 gold pieces
  3806 | D:5      | Found Vufuvyrr's Magic Scroll Emporium.
  3827 | D:5      | Bought a scroll of fear for 49 gold pieces
  3861 | D:5      | Found Onuicw's Distillery.
  3871 | D:5      | Reached XP level 7. HP: 41/67 MP: 2/6
  3887 | D:5      | Bought a potion of degeneration for 14 gold pieces
  3904 | D:5      | Reached skill level 6 in Maces & Flails
  3928 | D:5      | HP: 5/100 [poisoned by an orc]
  4189 | D:5      | Found Teiciutago's General Store.
  4282 | D:5      | Reached skill level 1 in Shields
  4441 | D:5      | Found Meafadam's Armour Shoppe.
  4738 | D:6      | Noticed Sigmund
  4743 | D:6      | Slain by an ogre

Levels and vault maps discovered:
D:1:      dpeg_arrival_leaves_temple_mockup, layout_basic
D:2:      minmay_angry_zag, layout_loops_corners, lemuel_doored_altar
D:3:      layout_rooms, okawaru_trees_2
D:4:      layout_basic, kennysheep_little_box, kennysheep_slug_shrine,
          lemuel_temple_firewalk_b, first_ration, fedhas_ov_isle_minmay,
          uniq_purgy
D:5:      layout_gridville, serial_shops,
          nicolae_shop_temple_entry_statues_fountains, shop, shop, shop, shop,
          minmay_misc_feat_four_crosses
D:6:      layout_basic, zin_treasury, portal_sewer_entry_c, uniq_sigmund
Temple:   minmay_temple_curvy_loop

Skill      XL: |  1  2  3  4  5  6  7 |
---------------+----------------------+-----
Maces & Flails | 3 4 5 6 |  6.9
Dodging        | 3 4 |  4.5
Fighting       | 3 |  3.3
Shields        | 1 |  1.5
Throwing       | |  0.6
Stealth        | |  1.0

Action                   |  1- 3 |  4- 6 |  7- 9 || total
-------------------------+-------+-------+-------++-------
Melee: Mace              |   145 |   229 |       ||   374
       Morningstar       |       |    24 |   101 ||   125
Throw: Dart              |     8 |    13 |       ||    21
Invok: Berserk           |       |     1 |     2 ||     3
       Trog's Hand       |       |     1 |     1 ||     2
  Use: Scroll            |     1 |     4 |       ||     5
       Potion            |       |       |     4 ||     4
 Stab: Sleeping          |     1 |     5 |       ||     6
  Eat: Chunk             |    16 |    27 |     9 ||    52
Armor: Robe              |    98 |   133 |    51 ||   282
       Skin              |       |       |     3 ||     3
Dodge: Dodged            |   119 |   192 |    40 ||   351
Block: Shield            |       |    14 |    51 ||    65
